 Dungeon Crawl Stone Soup version 0.21-a0-442-g848f44b3bc (webtiles) character file.

126 Lyck the Vexing (level 4, -6/21 HPs)
             Began as a Spriggan Enchanter on Nov 17, 2017.
             Killed by nerve-wracking pain
             ... invoked by an orc priest
              (14 damage)
             ... on level 3 of the Dungeon.
             The game lasted 00:07:26 (3047 turns).

Lyck the Vexing (Spriggan Enchanter)                Turns: 3047, Time: 00:07:27

Health: -6/21      AC:  4    Str:  4    XL:     4   Next: 84%
Magic:  1/11       EV: 24    Int: 17    God:
Gold:   44         SH:  0    Dex: 21    Spells: 3/12 levels left

rFire    . . .     SeeInvis +   a - +1 dagger
rCold    + . .     Gourm    .   (shield restricted)
rNeg     . . .     Faith    .   b - +2 robe
rPois    .         Spirit   .   (helmet restricted)
rElec    .         Reflect  .   (no cloak)
rCorr    .         Harm     .   (gloves unavailable)
MR       .....                  (boots unavailable)
Stlth    ++++......             (no amulet)
HPRegen  0.07/turn              (no ring)
MPRegen  0.12/turn              (no ring)

@: agile, very quick
A: unfitting armour, see invisible, cold resistance 1, herbivore 3, speed 3,
slow metabolism 2, sturdy frame 1
a: no special abilities


You were on level 3 of the Dungeon.
You were not hungry.

You visited 1 branch of the dungeon, and saw 3 of its levels.

You collected 44 gold pieces.

Inventory:

Hand Weapons
 a - a +1 dagger (weapon)
 f - a +0 vampiric dagger
Armour
 b - a +2 robe (worn)
Scrolls
 g - a scroll of fear
 i - 2 scrolls of teleportation
 k - a scroll of fog
 l - 2 scrolls of enchant armour
 m - 3 scrolls of recharging
Books
 c - a book of Maledictions

   Spells                             Type                      Level
   a - Corona                         Hexes                        1
   b - Ensorcelled Hibernation        Hexes/Ice                    2
   c - Confuse                        Hexes                        3
   d - Tukima's Dance                 Hexes                        3
   e - Dazzling Spray                 Conjuration/Hexes            3
Comestibles
 d - 2 bread rations


   Skills:
 - Level 1.1 Short Blades
 - Level 3.0 Dodging
 - Level 4.4 Stealth
 + Level 4.8 Spellcasting
 + Level 5.4 Hexes


You had 3 spell levels left.
You knew the following spells:

 Your Spells              Type           Power        Failure   Level  Hunger
a - Ensorcelled Hibernat  Hex/Ice        ##....       7%          2    #......
b - Corona                Hex            ###....      1%          1    None
c - Confuse               Hex            ###.....     4%          3    ###....
d - Tukima's Dance        Hex            ###.....     4%          3    ###....


Dungeon Overview and Level Annotations

Branches:
Dungeon (3/15)

Altars:


Innate Abilities, Weirdness & Mutations

You are very small and have problems with some larger weapons.
You are too small for most types of armour.
You have supernaturally acute eyesight. (SInv)
You are a herbivore.
You cover ground extremely quickly.
You need consume almost no food.
Your flesh is cold resistant. (rC+)
Your movements are slightly less encumbered by armour. (ER -2)


Message History

The orc completely misses you.
You hit the orc priest.
The orc priest is moderately wounded.
The orc priest misses you. The orc closely misses you.
You hit the orc priest.
The orc priest is heavily wounded.
The orc priest misses you. The orc completely misses you.
You hit the orc priest.
The orc priest is heavily wounded.
The orc priest looks satisfied for a moment.
The orc barely misses you.
You hit the orc priest.
The orc priest is severely wounded.
The orc priest misses you. The orc closely misses you.
You hit the orc priest.
The orc priest is almost dead.
The orc priest calls down the wrath of Beogh upon you.
Pain shoots through your body!
Ouch! That really hurt!
You die...

###### #..).. #.####
###### ###.####
#.(oo#########......#
#.##@............##.#
#.############..†##.#
#.# ###†.... #(#
###.<. #.# ##.# #K#
##.# ##..Ko.### #..#
####......... #.#..
....o#....## #.###.


You could see an orc priest and an orc.

Vanquished Creatures
  A water moccasin zombie (D:3)
  2 adders (D:2)
  An ooze (D:2)
  A worm (D:1)
  A dart slug (D:1)
  4 leopard geckos
  2 orcs (D:3)
  A ball python (D:2)
  2 giant cockroaches
  2 goblins (D:1)
  2 hobgoblins (D:1)
  4 bats
  3 frilled lizards
  A giant cockroach zombie (D:3)
  8 kobolds
  A leopard gecko zombie (D:3)
  4 rats
40 creatures vanquished.

Notes
Turn   | Place    | Note
-------+----------+-------------------------------------------
     0 | D:1      | Lyck the Spriggan Enchanter began the quest for the Orb.
     0 | D:1      | Reached XP level 1. HP: 9/9 MP: 5/5
   297 | D:1      | Reached skill level 4 in Hexes
   564 | D:1      | Reached XP level 2. HP: 13/13 MP: 7/7
   568 | D:1      | Learned a level 2 spell: Ensorcelled Hibernation
  1625 | D:2      | Noticed a sky beast
  1670 | D:2      | Reached XP level 3. HP: 16/16 MP: 3/9
  1675 | D:2      | Learned a level 3 spell: Confuse
  1679 | D:2      | Learned a level 3 spell: Tukima's Dance
  2067 | D:2      | Gained mutation: You are weak. (Str -2) [potion of mutation]
  2067 | D:2      | Gained mutation: You have a pair of small horns on your head. [potion of mutation]
  2068 | D:2      | Lost mutation: You are weak. (Str -2) [potion of mutation]
  2068 | D:2      | Lost mutation: You have a pair of small horns on your head. [potion of mutation]
  2068 | D:2      | Gained mutation: Your movements are slightly less encumbered by armour. (ER -2) [potion of mutation]
  2068 | D:2      | Gained mutation: Your flesh is cold resistant. (rC+) [potion of mutation]
  2786 | D:3      | Reached skill level 5 in Hexes
  2786 | D:3      | Reached XP level 4. HP: 21/21 MP: 4/11
  3047 | D:3      | Killed from afar by an orc priest

Vault maps used:
D:1:      evilmike_arrival_run_for_it
D:2:      first_bread, amethyst_killhole, lightli_corner_chamber
D:3:      serial_undead, serial_undead_b, serial_undead_b, serial_undead_a,
          serial_undead_b, uniq_grinder

Skill      XL: |  1  2  3 |
---------------+----------+-----
Spellcasting   | 3 4 |  4.8
Hexes          | 4 5 |  5.4
Short Blades   | |  1.1
Dodging        | |  3.0
Stealth        | |  4.4

Action                   |  1- 3 |  4- 6 || total
-------------------------+-------+-------++-------
Melee: Dagger            |   113 |    44 ||   157
 Cast: Corona            |     7 |     1 ||     8
       Ensorcelled Hiber |    22 |     7 ||    29
       Confuse           |     3 |       ||     3
  Use: Scroll            |     8 |       ||     8
       Potion            |     2 |     3 ||     5
 Stab: Sleeping          |    19 |     5 ||    24
       Confused          |     3 |       ||     3
  Eat: Royal jelly       |     1 |       ||     1
Armor: Robe              |    18 |     6 ||    24
Dodge: Dodged            |    87 |    44 ||   131

Table legend:
 A = Spawn XP
 B = Non-spawn XP
 C = Spawn XP percentage of total XP
 D = Spawn monster count
 E = Non-spawn monster count
 F = Spawn count percentage of total count
 G = Total turns spent on level
                    A         B        C        D         E        F      G
               +---------+---------+-------+---------+---------+-------+---------
         Total |       0 |     181 |   0.0 |       0 |      40 |   0.0 |  3047
               +---------+---------+-------+---------+---------+-------+---------
           D:1 |       0 |      36 |   0.0 |       0 |      20 |   0.0 |  1698
           D:2 |       0 |      46 |   0.0 |       0 |      10 |   0.0 |   830
           D:3 |       0 |      99 |   0.0 |       0 |      10 |   0.0 |   519
               +---------+---------+-------+---------+---------+-------+---------
